 Dungeon Crawl Stone Soup version 0.31.0-9-g3a7656b989 (console) character file.

Game seed: 12876206288096857157

58 AlterAsc the Chopper (level 4, -2/35 HPs)
             Began as a Formicid Fighter on Jan 30, 2024.
             Slain by Grinder (6 damage)
             ... on level 3 of the Dungeon.
             The game lasted 00:02:59 (1888 turns).

AlterAsc the Chopper (Formicid Fighter)             Turns: 1888, Time: 00:03:00

Health: -2/35      AC: 18    Str: 29    XL:     4   Next: 21%
Magic:  4/4        EV:  7    Int: 10    God:
Gold:   156        SH:  5    Dex: 15    Spells: 3/3 levels left

rFire   + . .        a - +0 war axe
rCold   . . .        c - +0 buckler
rNeg    . . .        h - +0 plate armour
rPois   .            (helmet unavailable)
rElec   .            (no cloak)
rCorr   +            u - +2 pair of gloves "Xifroz" {rF+ rCorr Int+3 Dex+2}
SInv    +            (no boots)
Will    .....        (no amulet) Stlth
                     t - +6 ring of strength
HPRegen 0.25/turn    v - +4 ring of protection
MPRegen 0.09/turn

%: no passive effects
@: no status effects
A: permanent stasis, dig shafts and tunnels, antennae 3, four strong arms
a: Dig, Shaft Self


You were on level 3 of the Dungeon.
You visited 1 branch of the dungeon, and saw 3 of its levels.

You collected 156 gold pieces.

Inventory:

Hand Weapons
 a - a +0 war axe (weapon)
 q - a +2 mace of draining
Missiles
 f - 2 poisoned darts (quivered)
Armour
 c - a +0 buckler (worn)
 h - a +0 plate armour (worn)
 u - the +2 pair of gloves "Xifroz" (worn) {rF+ rCorr Int+3 Dex+2}
   (You found it on level 3 of the Dungeon)

   Int+3:     It affects your intelligence (+3).
   Dex+2:     It affects your dexterity (+2).
   rF+:       It protects you from fire.
   rCorr:     It protects you from acid and corrosion.
Jewellery
 n - a ring of magical power
 t - a +6 ring of strength (left hand)
 v - a +4 ring of protection (right hand)
Scrolls
 b - a scroll of noise {unknown}
 j - a scroll of poison {unknown}
 k - 3 scrolls of identify {unknown}
 l - a scroll of vulnerability {unknown}
 m - a scroll of amnesia {unknown}
 p - a scroll of silence {unknown}
Potions
 d - 2 potions of might
 e - a potion of resistance {unknown}
 g - 2 potions of enlightenment {unknown}
 i - a potion of curing {unknown}
 o - a potion of magic {unknown}
 r - 2 potions of haste {unknown}
 s - a potion of attraction {unknown}


   Skills:
 - Level 3.2 Fighting
 + Level 4.2 Axes
 - Level 3.2 Armour
 - Level 4.0 Shields


You had 3 spell levels left.
You didn't know any spells.
Your spell library contained the following spells:

 Spells                   Type           Power      Damage    Failure   Level
 Lesser Beckoning         Tloc           0%         N/A       100%        2
 Momentum Strike          Conj/Tloc      0%         3d8       100%        2
 Blink                    Tloc           Unusable   N/A       N/A         2

Dungeon Overview and Level Annotations

Branches:
Dungeon (3/15)

Altars:

Annotations:
D:3 Grinder


Innate Abilities, Weirdness & Mutations

You cannot be hasted, slowed, berserked, paralysed or teleported.
You can dig through walls and to a lower floor.
You have a pair of large antennae on your head. (SInv)
Your four strong arms can wield two-handed weapons with a shield.


Message History

Pain shoots through your body! Grinder gestures at you.
Your stasis prevents you from being paralysed.
Grinder says, "Make like a tree!"
You see here a viscous sapphire potion.
You closely miss Grinder.
Grinder is severely wounded.
Grinder hits you but does no damage.
You barely miss Grinder.
Grinder is severely wounded.
Grinder gestures at you.
Your stasis prevents you from being paralysed.
You barely miss Grinder.
Grinder is severely wounded.
Grinder gestures at you. Pain shoots through your body!
You closely miss Grinder.
Grinder is severely wounded.
Grinder zaps a wand.
The puff of flame hits you. You resist. Grinder hits you but does no damage.
You closely miss Grinder.
Grinder is severely wounded.
Grinder blinks!
Grinder says, "Don't move a muscle."
Grinder zaps a wand.
The puff of flame hits you. You resist.
* * * LOW HITPOINT WARNING * * *
Grinder zaps a wand.
The puff of flame misses you.
Grinder zaps a wand.
The puff of flame hits you. You resist.
* * * LOW HITPOINT WARNING * * *
You hit Grinder.
Grinder is severely wounded.
Grinder barely misses you.
You barely miss Grinder.
Grinder is severely wounded.
Grinder zaps a wand.
The puff of flame hits you but does no damage.
Grinder hits you.
* * * LOW HITPOINT WARNING * * *
You writhe in agony.
You die...
Grinder says, "Now the real fun starts!"

######### #.>.....# #####
#.#####.####...######## #
#........>.........#
#.##.##.##.......# #.#
#.......###..!...####.#
####.#### ##....@5.##.#
####.### #####.#.##.#
.......# #.#.##.# .###.#.#
#.. ...# .###.#.#
########.##.## ....#..##
#.....##.....#
.....##.###.....#####.#####
...#####.##.....# #....[..#
...# #.##.....# #.#.###.#
...## ##.##.....# #.#.###.#
....###.#####.### #.#..##.#


You could see Grinder.

Vanquished Creatures
  Robin (D:2)
  A ribbon worm (D:2)
  2 dart slugs
  3 ball pythons (D:1)
  5 endoplasms
  4 giant cockroaches
  3 hobgoblins (D:2)
  3 bats
  3 frilled lizards
  8 goblins
  2 kobolds (D:2)
  5 rats (D:1)
40 creatures vanquished.

Notes
Turn   | Place    | Note
-------+----------+-------------------------------------------
     0 | D:1      | AlterAsc the Formicid Fighter began the quest for the Orb.
     0 | D:1      | Reached XP level 1. HP: 18/18 MP: 1/1
   111 | D:1      | Reached XP level 2. HP: 23/24 MP: 2/2
   602 | D:1      | Reached XP level 3. HP: 29/29 MP: 3/3
  1126 | D:2      | Noticed Robin
  1130 | D:2      | Killed Robin
  1190 | D:2      | Reached XP level 4. HP: 35/35 MP: 4/4
  1608 | D:3      | Found a faded altar of an unknown god.
  1664 | D:3      | Identified the +2 pair of gloves "Xifroz" {rF+ rCorr Int+3
                  | Dex+2}
  1851 | D:3      | Noticed Grinder
  1888 | D:3      | Slain by Grinder

Illustrated notes

Levels and vault maps discovered:
D:1:      minmay_arrival_open_corners, layout_basic
D:2:      layout_loops_ring, hangedman_decor_clover_reticule, chequers_garden,
          uniq_robin
D:3:      layout_loops_cross, gammafunk_temple_overflow_forgotten, serial_shops,
          nicolae_shop_window_shopping, ebering_ecumenical_altar_hall,
          uniq_grinder

Skill      XL: |  1  2  3 |
---------------+----------+-----
Axes           | 3 4 |  4.2
Fighting       | |  3.2
Armour         | |  3.2
Shields        | |  4.0

Action                     |  1- 3 |  4- 6 || total
---------------------------+-------+-------++-------
  Melee: War axe           |    80 |    46 ||   126
 Armour: Scale mail        |     9 |       ||     9
         Plate armour      |    44 |    49 ||    93
  Dodge: Dodged            |    16 |    12 ||    28
  Block: Buckler           |    16 |     5 ||    21
